 Dungeon Crawl Stone Soup version 0.29.1-14-g9c671dbff4 (webtiles) character file.

Game seed: 6948854084723839515

1584 wolfrpgdude the Trooper (level 8, -3/73 HPs)
             Began as a Minotaur Fighter on Feb 12, 2023.
             Was a Believer of Okawaru.
             Slain by an orc warrior
             ... wielding a +0 glaive
              (11 damage)
             ... on level 6 of the Dungeon.
             The game lasted 00:15:34 (6735 turns).

wolfrpgdude the Trooper (Minotaur Fighter)          Turns: 6735, Time: 00:15:35

Health: -3/73      AC: 17    Str: 22    XL:     8   Next: 61%
Magic:  7/7        EV:  9    Int:  5    God:    Okawaru [**....]
Gold:   322        SH:  6    Dex: 17    Spells: 7/7 levels left

rFire   . . .      SeeInvis .   a - +0 long sword (protect)
rCold   . . .      Faith    .   c - +0 buckler
rNeg    . . .      Spirit   .   b - +0 scale mail
rPois   .          Reflect  .   (helmet restricted)
rElec   .          Harm     .   (no cloak)
rCorr   .          Rampage  .   (no gloves)
Will    .....                   p - +1 pair of boots
Stlth   ..........              (no amulet)
HPRegen 0.22/turn               h - +6 ring of dexterity
MPRegen 0.10/turn               t - ring of flight

@: under a protective aura, flying
A: horns 2, retaliatory headbutt
a: Renounce Religion, Heroism


You were on level 6 of the Dungeon.
You worshipped Okawaru.
Okawaru was pleased with you.
You visited 2 branches of the dungeon, and saw 7 of its levels.

You collected 322 gold pieces.

Inventory:

Hand Weapons
 a - a +0 long sword of protection (weapon)
Armour
 b - a +0 scale mail (worn)
 c - a +0 buckler (worn)
 p - a +1 pair of boots (worn)
Jewellery
 h - a +6 ring of dexterity (left hand)
 q - a ring of willpower
 t - a ring of flight (right hand)
Wands
 e - a wand of polymorph (4)
Scrolls
 f - 6 scrolls of identify
 n - a scroll of brand weapon
 o - a scroll of fear
 s - a scroll of enchant armour {unknown}
Potions
 g - a potion of flight
 i - 2 potions of mutation {unknown}
 j - a potion of degeneration {unknown}
 k - a potion of lignification {unknown}
 l - a potion of magic {unknown}
 m - a potion of haste {unknown}
 r - 2 potions of curing {unknown}


   Skills:
 + Level 7.5 Fighting
 + Level 6.9 Long Blades
 + Level 7.4 Armour
 + Level 7.5 Shields


You had 7 spell levels left.
You didn't know any spells.
Your spell library contained the following spells:

 Spells                   Type           Power      Damage    Failure   Level
 Apportation              Tloc           0%         N/A       85%         1
 Magic Dart               Conj           0%         1d3       85%         1
 Necrotise                Necr           0%         1d4       85%         1
 Poisonous Vapours        Pois/Air       0%         N/A       94%         2
 Mephitic Cloud           Conj/Pois/Air  0%         N/A       99%         3
 Ozocubu's Armour         Ice            0%         N/A       99%         3
 Corpse Rot               Necr/Pois/Air  0%         N/A       100%        4
 Ozocubu's Refrigeration  Ice            0%         4d7       100%        7
 Chain Lightning          Conj/Air       0%         N/A       100%        9
 Fire Storm               Conj/Fire      0%         5d1       100%        9
 Shatter                  Erth           0%         3d5*      100%        9
 Summon Small Mammal      Summ           Unusable   N/A       N/A         1
 Call Imp                 Summ           Unusable   N/A       N/A         2

Dungeon Overview and Level Annotations

Branches:
Dungeon (6/15)             Temple (1/1) D:4

Altars:
Ashenzari
Cheibriados
Dithmenos
Fedhas
Gozag
Kikubaaqudgha
Makhleb
Nemelex Xobeh
Okawaru
Qazlal
Ru
Sif Muna
Uskayaw
Vehumet
Wu Jian
Xom
Yredelemnul
Zin
The Shining One

Shops:
D:3 [


Innate Abilities, Weirdness & Mutations

You have a pair of horns on your head.
You reflexively headbutt those who attack you in melee.


Message History

The orc is severely wounded.
The orc hits you but does no damage. You block the orc warrior's attack.
The orc priest casts a cantrip, but nothing happens.
You hit the orc.
The orc is almost dead.
You block the orc's attack.
The orc priest calls upon Beogh to heal the orc warrior.
The orc warrior is healed somewhat.
The orc warrior hits you from afar with a +0 glaive!
You barely miss the orc. You headbutt the orc.
You kill the orc!
Okawaru accepts your kill.
The orc warrior hits you from afar with a +0 glaive!
* * * LOW HITPOINT WARNING * * *
You barely miss the orc. The orc hits you but does no damage.
The orc warrior barely misses you.
You hit the orc but do no damage. The orc hits you but does no damage.
You block the orc warrior's attack.
You slash the orc!
You kill the orc!
Okawaru accepts your kill. You block the orc warrior's attack.
You slash the orc priest!
The orc priest is severely wounded.
The orc priest hits you but does no damage.
The orc warrior hits you from afar with a +0 glaive!
* * * LOW HITPOINT WARNING * * *
You completely miss the orc priest.
The orc priest is severely wounded.
The orc priest hits you but does no damage.
The orc warrior barely misses you.
You completely miss the orc priest. Your headbutt misses the orc priest.
The orc priest is severely wounded.
The orc priest hits you but does no damage.
The orc warrior hits you but does no damage.
You closely miss the orc priest.
The orc priest is severely wounded.
The orc priest hits you but does no damage.
The orc warrior hits you from afar with a +0 glaive!
You die...

##.......#####....# #..........#
#........##.....## #.........##
##.o##..........# #.........#
#..o###.......## #.....##..##
#.........##..# #.....###...
##..#......###..# ##.....# ##..
...####o...##...# #......# ##.
..# ###..##..######......# #.
#.## ##.(..oo@..#.......## ##
#..## ##<..####...........## #
##..# ###...## ###.........####
#..###.....# #...........#.
##.........# #.###.........
###.......).### #.###...######
...?.##.......## ###.#.....#.....
...........#...###.....>##.#.....
...<.......###..........##.#.._..


You could see an orc warrior and an orc priest.

Vanquished Creatures
  A steam dragon (D:6)
  An ice beast (D:6)
  A black bear (D:4)
  A phantom (D:4)
  A necrophage (D:5)
  4 scorpions
  A gnoll sergeant (D:5)
  6 orc priests
  A gnoll bouda (D:4)
  3 jellies (D:6)
  3 hounds
  3 iguanas
  5 orc wizards
  2 adders
  8 gnolls
  2 white imps
  2 worms
  5 dart slugs
  31 orcs
  5 bats
  9 endoplasms
  5 giant cockroaches
  8 hobgoblins
  2 jackals (D:3)
  6 kobolds
  5 quokkas
  4 ball pythons
  2 frilled lizards
  12 goblins
  2 rats
141 creatures vanquished.

Vanquished Creatures (others)
  A shadow imp (D:6)
  A plant (D:1)
2 creatures vanquished.

Grand Total: 143 creatures vanquished

Notes
Turn   | Place    | Note
-------+----------+-------------------------------------------
     0 | D:1      | wolfrpgdude the Minotaur Fighter began the quest for the
                  | Orb.
     0 | D:1      | Reached XP level 1. HP: 19/19 MP: 0/0
   119 | D:1      | Reached XP level 2. HP: 22/27 MP: 1/1
   148 | D:1      | Found a faded altar of an unknown god.
   461 | D:1      | Reached XP level 3. HP: 33/33 MP: 2/2
  1676 | D:3      | Reached XP level 4. HP: 35/40 MP: 3/3
  1780 | D:3      | Found a glowing silver altar of Zin.
  2097 | D:3      | Found Qaus's Antique Armour Shoppe.
  2832 | D:4      | Noticed a black bear
  2839 | D:4      | Killed a black bear
  2840 | D:4      | Reached XP level 5. HP: 41/47 MP: 4/4
  2908 | D:4      | Reached skill level 5 in Shields
  2950 | D:4      | Reached skill level 5 in Fighting
  2950 | D:4      | Reached skill level 5 in Armour
  2969 | D:4      | Found a snail-covered altar of Cheibriados.
  3106 | D:4      | Reached XP level 6. HP: 46/56 MP: 5/5
  3343 | D:4      | Found a staircase to the Ecumenical Temple.
  3350 | Temple   | Entered the Ecumenical Temple
  3388 | Temple   | Became a worshipper of Warmaster Okawaru
  3630 | D:4      | Found a shadowy altar of Dithmenos.
  3687 | D:4      | Found a blossoming altar of Fedhas.
  3788 | D:4      | Found an opulent altar of Gozag.
  4017 | D:4      | Reached skill level 5 in Long Blades
  4017 | D:4      | Reached XP level 7. HP: 56/62 MP: 6/6
  4239 | D:5      | Entered Level 5 of the Dungeon
  4518 | D:5      | Reached * piety under Okawaru
  4852 | D:5      | HP: 2/64 [gnoll/+0 flail[a gnoll sergeant] (5)]
  5197 | D:5      | Reached XP level 8. HP: 71/71 MP: 7/7
  5264 | D:5      | Found a sparkling altar of Nemelex Xobeh.
  6087 | D:6      | Found a hide-covered altar of Uskayaw.
  6152 | D:6      | Found a sacrificial altar of Ru.
  6304 | D:6      | Reached ** piety under Okawaru
  6735 | D:6      | Slain by an orc warrior

Illustrated notes

Levels and vault maps discovered:
D:1:      dpeg_arrival_tiny_i, layout_loops_ring,
          shapermc_ecumenical_altar_acropolis, minivault_11
D:2:      layout_loops_corners, hangedman_abyss_or_decor_lesser_grid
D:3:      layout_basic, lemuel_crystal_altar, serial_shops, shop
D:4:      layout_basic, nicolae_gozag_cash_rules_everything_around_me,
          mainiacjoe_overflow_catwalk, mainiacjoe_overflow_catwalk_spiral,
          minmay_temple_entry_butterflies, minmay_misc_feat_rugged,
          dreamdust_princess_bridge
D:5:      layout_basic, mainiacjoe_overflow_alcove_1, lightli_corner_chamber
D:6:      layout_layer_cave, eat_drink_and_be_merry_uskayaw,
          amcnicky_altar_gilded, enter_ossuary_5, uniq_sigmund
Temple:   hellmonk_temple_of_storms

Skill      XL: |  1  2  3  4  5  6  7  8 |
---------------+-------------------------+-----
Shields        | 4 5 6 7 |  7.5
Fighting       | 4 5 6 7 |  7.5
Armour         | 4 5 6 7 |  7.4
Long Blades    | 3 4 5 6 |  6.9

Action                   |  1- 3 |  4- 6 |  7- 9 || total
-------------------------+-------+-------+-------++-------
Melee: Long sword        |   111 |   170 |   180 ||   461
       Headbutt          |    16 |    24 |    43 ||    83
  Use: Scroll            |     4 |     1 |     5 ||    10
       Potion            |       |     1 |     5 ||     6
Armor: Scale mail        |    67 |   131 |   124 ||   322
Dodge: Dodged            |    53 |   100 |    74 ||   227
Block: Buckler           |    19 |    60 |    52 ||   131
